 Dungeon Crawl Stone Soup version 0.23.0-38-g208d714 (webtiles) character file.

Game seed: 14268356555518714981

670 Borgoz the Skirmisher (level 7, 0/58 (60) HPs)
             Began as a Ghoul Assassin on Feb 27, 2019.
             Shot with an arrow by a centaur (19 damage)
             ... on level 5 of the Dungeon.
             The game lasted 00:07:52 (5060 turns).

Borgoz the Skirmisher (Ghoul Assassin)              Turns: 5060, Time: 00:07:53

HP:   0/58 (60)     AC:  5    Str: 15    XL:     7   Next: 58%
MP:   6/6           EV: 12    Int:  8    God:
Gold: 139           SH:  0    Dex: 10    Spells: 6/6 levels left

rFire    . . .     SeeInvis .   y - -1 dagger (curse)
rCold    + . .     Gourm    .   (no shield)
rNeg     + + +     Faith    .   j - +0 leather armour
rPois    ∞         Spirit   .   (no helmet)
rElec    .         Reflect  .   d - +1 cloak
rCorr    .         Harm     .   (no gloves)
MR       .....                  (no boots)
Stlth    ++........             (no amulet)
HPRegen  0.00/turn              (no ring)
MPRegen  0.10/turn              (no ring)

@: about to teleport, rotting
A: rotting body, claws 1, carnivore, cold resistance 1, negative energy
resistance 3, inhibited regeneration, torment resistance, unbreathing
a: no special abilities


You were on level 5 of the Dungeon.
You were not hungry.

You visited 1 branch of the dungeon, and saw 5 of its levels.

You collected 139 gold pieces.

Inventory:

Hand Weapons
 a - a +1 dagger of draining
 b - a +0 blowgun
 y - a cursed -1 dagger (weapon)
Missiles
 e - 51 poisoned needles
 f - 2 curare-tipped needles
Armour
 d - a +1 cloak (worn)
 j - a +0 leather armour (worn)
Scrolls
 i - 2 scrolls of identify
 m - 2 scrolls of amnesia
 v - 2 scrolls of teleportation
 w - a scroll of enchant armour
Potions
 c - 3 potions of brilliance
 l - a potion of flight
 s - a potion of resistance
Comestibles
 g - 8 rations


   Skills:
 + Level 4.8 Fighting
 + Level 4.0 Short Blades
 - Level 1.7 Throwing
 + Level 3.4 Armour
 + Level 3.5 Dodging
 - Level 4.3 Stealth


You had 6 spell levels left.
You didn't know any spells.
Your spell library contained the following spells:

 Spells                   Type           Power        Failure   Level  Hunger
 Corona                   Hex            #......      47%         1    ##.....
 Ensorcelled Hibernation  Hex/Ice        #.....       63%         2    ###....
 Confuse                  Hex            #.......     85%         3    ####...
 Dazzling Spray           Conj/Hex       #.....       85%         3    ####...
 Tukima's Dance           Hex            #.......     85%         3    ####...


Dungeon Overview and Level Annotations

Branches:
Dungeon (5/15)             Temple (0/1) D:4

Altars:
Wu Jian


Innate Abilities, Weirdness & Mutations

Your body is rotting away.
You thrive on raw meat.
You are immune to poison.
You have sharp fingernails.
You are carnivorous and can eat meat at any time.
Your flesh is cold resistant. (rC+)
You are immune to negative energy. (rN+++)
You do not regenerate when monsters are visible.
You are immune to unholy pain and torment.
You can survive without breathing.


Message History

The adder closely misses you.
You hit the adder but do no damage.
The adder is almost dead.
The adder barely misses you.
You barely miss the adder.
The adder is severely wounded.
The adder misses you.
You hit the adder.
The adder is almost dead.
The adder bites you but does no damage.
You hit the adder.
You kill the adder!
Your Short Blades skill increases to level 4!
The centaur shoots an arrow.
The arrow hits you!
The centaur shoots an arrow.
The arrow hits you!
As you close the door, it creaks loudly!
A centaur opens the door.
As you read the scroll of teleportation, it crumbles to dust.
You feel strangely unstable.
The centaur shoots an arrow.
The arrow hits you!!
You die...

###......#
#......+ #......#
#......# ##
##....###+###.##
#.(..#.........
#....#........
#....'c.......
#...@#...##..
#.....##...#
#.....#...c....#
+.....#........'.
#.....+........#.
#.....#.##.##..#
#...?##. .# ###
#.... .. .. #..
..


You could see a centaur.

Vanquished Creatures
  Menkaure (D:4)
  Edmund (D:4)
  An ogre (D:5)
  A jelly (D:4)
  Natasha (D:2)
  3 worker ants (D:4)
  A killer bee zombie (D:3)
  13 adders
  An ooze (D:2)
  5 worms
  2 dart slugs (D:1)
  A leopard gecko (D:2)
  3 orcs (D:4)
  A ball python (D:2)
  4 giant cockroaches
  11 goblins
  7 hobgoblins
  3 jackals (D:2)
  2 quokkas
  10 bats
  6 frilled lizards
  5 kobolds
  A quokka skeleton (D:3)
  3 rats
87 creatures vanquished.

Notes
Turn   | Place    | Note
-------+----------+-------------------------------------------
     0 | D:1      | Borgoz the Ghoul Assassin began the quest for the Orb.
     0 | D:1      | Reached XP level 1. HP: 17/17 MP: 0/0
    94 | D:1      | Reached skill level 1 in Dodging
   197 | D:1      | Reached XP level 2. HP: 25/25 MP: 1/1
   464 | D:1      | Reached XP level 3. HP: 26/30 MP: 2/2
   911 | D:2      | Reached skill level 1 in Armour
  1246 | D:2      | Reached XP level 4. HP: 37/37 MP: 3/3
  1572 | D:2      | Noticed Natasha
  1591 | D:2      | Killed Natasha
  1908 | D:2      | Reached XP level 5. HP: 44/44 MP: 4/4
  2169 | D:3      | Found an ornate altar of the Wu Jian Council.
  2797 | D:3      | Reached XP level 6. HP: 49/51 MP: 5/5
  2980 | D:4      | Noticed Edmund
  3006 | D:4      | Killed Edmund
  3050 | D:4      | Noticed Menkaure
  3073 | D:4      | Killed Menkaure
  3073 | D:4      | Reached XP level 7. HP: 27/60 MP: 6/6
  4198 | D:5      | Entered Level 5 of the Dungeon
  4235 | D:4      | Found a staircase to the Ecumenical Temple.
  4844 | D:5      | HP: 2/60 [ogre/cursed +0 giant club (28)]
  5060 | D:5      | Shot with an arrow by a centaur

Skill      XL: |  1  2  3  4  5  6  7 |
---------------+----------------------+-----
Dodging        | 1 2 3 |  3.5
Short Blades   | 2 3 4 |  4.0
Armour         | 1 2 3 |  3.4
Fighting       | 3 4 |  4.8
Throwing       | |  1.7
Stealth        | |  4.3

Action                   |  1- 3 |  4- 6 |  7- 9 || total
-------------------------+-------+-------+-------++-------
Melee: Dagger            |    82 |   183 |   190 ||   455
Throw: Throwing net      |       |       |     1 ||     1
  Use: Potion            |       |     5 |     4 ||     9
       Scroll            |       |       |    13 ||    13
 Stab: Sleeping          |    10 |    10 |       ||    20
       Invisible         |       |       |     1 ||     1
       Held in net/web   |       |       |     1 ||     1
  Eat: Chunk             |     3 |     8 |     5 ||    16
Armor: Robe              |     6 |       |       ||     6
       Leather armour    |    17 |    44 |    32 ||    93
Dodge: Dodged            |    26 |    93 |   116 ||   235
